Map: Divergence LE

Players

pkv - Winner!

  • Race: Zerg Zerg
  • League: Platinum
  • Spawn Location: 11:00

Seraphe - Winner!

  • Race: Protoss Protoss
  • League: Platinum
  • Spawn Location: 11:00

Massa

  • Race: Terran Terran
  • League: Gold
  • Spawn Location: 5:00

qqq

  • Race: Zerg Zerg
  • League: Platinum
  • Spawn Location: 5:00

VOD

Have the link to the VOD?

Description

Time

  • Played on: May 31, 2020, 9:22 a.m.
  • Length: 14:30
Show
View Real Time Build Order
Export as new Build Order

pkv Zerg - Winner!

Build Orders: Hatch First, Lurkers 

Get SALT Encoding   

  12  0:01  Drone  
  13  0:13  Overlord  
  13  0:16  Drone  
  14  0:36  Drone x2  
  14  0:37  Drone  
  17  0:48  Drone  
  18  0:57  Hatchery  
  18  1:01  Drone  
  18  1:14  Drone  
  18  1:16  Extractor  
  18  1:23  Drone  
  19  1:32  Spawning Pool  
  18  1:36  Drone  
  19  1:44  Overlord  
  19  1:58  Extractor  
  19  2:00  Drone  
  19  2:04  Drone  
  20  2:19  Queen x2  
  24  2:26  Roach Warren, Overlord  
  23  2:35  Drone  
  23  2:36  Drone x2  
  26  2:44  Overlord  
  26  2:51  Drone x2  
  27  2:53  Drone  
  29  3:11  Roach x3  
  35  3:17  Roach  
  35  3:18  Roach  
  39  3:26  Lair  
  41  3:34  Roach x2  
  41  3:38  Extractor  
  42  3:43  Drone x2  
  42  3:47  Overlord  
  44  4:00  Spore Crawler  
  43  4:04  Drone  
  44  4:19  Roach  
  44  4:20  Roach x4  
  44  4:30  Zergling x2  
  44  4:31  Zergling x10  
  49  4:36  Glial Reconstitution  
  49  5:14  Roach  
  50  5:21  Overlord x2  
  49  5:29  Spine Crawler  
  48  5:42  Drone x8, Evolution Chamber  
  55  5:51  Spore Crawler, Overlord  
  54  6:09  Zerg Missile Weapons Level 1  
  52  6:22  Roach  
  52  6:23  Roach x7  
  65  6:42  Overlord  
  65  6:43  Roach  
  65  6:44  Roach x4  
  77  7:01  Roach  
  77  7:02  Roach x3  
  77  7:03  Drone  
  74  7:33  Roach  
  64  7:42  Roach  
  64  7:43  Roach x10  
  70  8:06  Roach  
  70  8:07  Roach x4  
  70  8:24  Hydralisk Den  
  69  8:31  Roach  
  69  8:32  Roach x3  
  77  8:38  Extractor  
  77  8:39  Drone  
  77  8:49  Roach  
  77  8:50  Roach x2  
  77  8:55  Overlord x4  
  83  9:03  Hatchery  
  82  9:11  Overlord x2  
  82  9:23  Drone x5  
  87  9:39  Lurker Den  
  87  9:40  Drone  
  87  9:41  Drone x4  
  91  10:02  Burrow  
  91  10:04  Tunneling Claws  
  91  10:10  Drone x9  
  100  10:16  Extractor  
  99  10:21  Grooved Spines  
  99  10:24  Drone x3  
  102  10:46  Drone x2  
  102  10:47  Drone x6  
  110  11:01  Extractor  
  109  11:09  Hatchery, Spore Crawler  
  107  11:12  Spore Crawler  
  106  11:21  Roach  
  106  11:22  Roach x5  
  98  11:32  Muscular Augments  
  98  11:35  Roach  
  98  11:36  Roach x12  
  124  11:43  Roach x3  
  124  11:44  Roach x3  
  124  11:59  Roach x7  
  120  12:21  Hydralisk x2  
  120  12:22  Hydralisk x7  
  130  12:25  Queen x3  
  134  12:39  Hydralisk  
  134  12:42  Overlord x2  
  136  12:54  Overlord x3  
  136  12:55  Overlord  
  136  13:00  Hatchery  
  136  13:02  Lurker x6  
  136  13:03  Lurker  
  142  13:14  Hydralisk  
  142  13:15  Hydralisk x8  
  142  13:16  Hydralisk x6  
Show
View Real Time Build Order
Export as new Build Order

Seraphe Protoss - Winner!

Build Orders: Mass Adepts 

Get SALT Encoding   

  12  0:01  Probe (Chrono Boost)  
  13  0:10  Probe (Chrono Boost)  
  14  0:15  Probe (Chrono Boost)  
  14  0:21  Pylon  
  15  0:39  Probe  
  15  0:40  Gateway  
  16  0:43  Assimilator  
  16  0:51  Probe  
  17  0:59  Assimilator  
  17  1:07  Pylon  
  17  1:08  Probe  
  18  1:21  Probe  
  19  1:33  Probe  
  20  1:45  Probe  
  21  1:48  Cybernetics Core  
  21  1:51  Gateway  
  21  2:08  Probe  
  21  2:12  Nexus  
  21  2:20  Probe  
  22  2:28  Adept (Chrono Boost)  
  22  2:30  Warp Gate (Chrono Boost)  
  22  2:32  Probe  
  25  2:42  Adept (Chrono Boost)  
  27  2:44  Probe  
  28  2:52  Gateway  
  28  2:57  Probe  
  29  3:00  Adept  
  31  3:06  Pylon  
  31  3:23  Twilight Council, Adept  
  33  3:30  Adept  
  35  3:37  Forge  
  35  3:43  Pylon  
  35  3:46  Probe  
  36  3:54  Probe  
  37  3:58  Probe  
  38  4:06  Probe  
  32  4:12  Adept x2  
  32  4:13  Adept  
  36  4:29  Protoss Ground Weapons Level 1 (Chrono Boost)  
  34  4:34  Resonating Glaives  
  34  4:35  Adept x2  
  38  4:43  Probe  
  38  4:44  Probe  
  40  4:47  Adept  
  42  4:55  Probe  
  42  4:56  Probe  
  44  5:12  Pylon  
  42  5:14  Adept x3  
  46  5:36  Gateway  
  46  5:39  Gateway, Adept x2  
  46  5:40  Adept  
  46  5:41  Probe  
  53  5:43  Pylon  
  53  5:44  Probe, Pylon  
  54  5:51  Assimilator  
  54  5:55  Assimilator  
  54  6:06  Stalker x2  
  54  6:07  Stalker  
  44  6:29  Photon Cannon  
  44  6:35  Adept x2  
  44  6:36  Photon Cannon, Adept x2  
  52  6:48  Probe x2  
  54  7:00  Probe x2  
  56  7:12  Probe x2  
  42  7:51  Adept x2  
  42  7:52  Adept x3  
  50  7:59  Protoss Ground Weapons Level 2 (Chrono Boost), Photon Cannon  
  50  8:03  Pylon  
  50  8:13  Stalker x5  
  50  8:18  Forge  
  50  8:19  Pylon  
  60  8:22  Pylon x2  
  60  8:24  Gateway  
  60  8:29  Photon Cannon  
  60  8:46  Templar Archives, Protoss Ground Armor Level 1 (Chrono Boost)  
  60  8:47  Pylon, Adept x3  
  60  8:48  Adept  
  68  8:57  Blink  
  68  9:15  Nexus  
  68  9:31  High Templar  
  68  9:32  High Templar  
  68  9:34  High Templar  
  68  9:35  High Templar  
  76  9:39  Archon  
  76  9:40  Pylon  
  76  9:43  Psionic Storm  
  76  9:55  Probe  
  76  9:56  Probe  
  76  9:58  Protoss Shields Level 1 (Chrono Boost)  
  78  10:08  Probe  
  78  10:10  High Templar x2  
  78  10:12  High Templar x2  
  87  10:15  Photon Cannon, Archon  
  87  10:16  Gateway, Archon  
  87  10:21  High Templar x2  
  87  10:25  Archon  
  91  10:29  Probe x3  
  94  10:41  Probe x3  
  97  10:59  Photon Cannon  
  97  11:02  Probe x3  
  97  11:03  Pylon  
  100  11:05  Assimilator  
  100  11:06  Pylon  
  100  11:08  High Templar x2  
  100  11:09  High Templar  
  100  11:10  Photon Cannon  
  100  11:11  High Templar, Assimilator  
  108  11:13  Archon  
  108  11:14  Probe  
  108  11:15  Archon  
  109  11:25  Photon Cannon  
  109  11:28  Protoss Ground Weapons Level 3 (Chrono Boost)  
  109  11:36  Charge (Chrono Boost)  
  109  11:54  Zealot  
  109  11:55  Zealot x5  
  109  11:56  Zealot  
  123  12:12  Gateway  
  123  12:14  Pylon  
  123  12:45  Zealot x2  
  123  12:46  Zealot x5  
  137  13:01  Nexus  
  137  13:02  Pylon  
  137  13:03  Pylon  
  137  13:07  Assimilator  
  137  13:11  Assimilator  
  85  13:45  Zealot x5  
  85  13:46  Zealot x3  
Show
View Real Time Build Order
Export as new Build Order

Massa Terran 

Build Orders:  

Get SALT Encoding   

  12  0:09  SCV  
  13  0:15  Supply Depot  
  13  0:22  SCV  
  14  0:34  SCV  
  15  0:40  Barracks  
  15  0:46  SCV  
  16  0:58  SCV  
  17  1:10  SCV  
  18  1:20  Barracks  
  18  1:34  Marine  
  18  1:47  SCV  
  18  1:52  Marine  
  20  1:59  SCV  
  21  2:01  Barracks  
  21  2:03  Supply Depot  
  21  2:10  Marine  
  21  2:12  Barracks  
  21  2:15  Orbital Command  
  22  2:21  Refinery  
  22  2:26  Marine  
  22  2:28  Marine  
  24  2:41  Supply Depot  
  24  2:43  Supply Depot  
  24  2:44  Marine  
  24  2:46  Marine  
  24  2:48  Marine  
  27  3:02  Marine  
  27  3:03  SCV  
  27  3:04  Marine x2  
  31  3:05  Marine  
  32  3:27  Marine x4  
  32  3:31  Factory  
  36  3:39  Supply Depot  
  36  3:43  Supply Depot  
  36  3:44  Marine  
  36  3:45  Marine  
  38  3:49  Marine x2  
  40  4:02  Marine x2  
  42  4:12  Marine  
  42  4:13  Marine  
  38  4:20  Marine x2  
  35  4:30  Marine x2  
  33  4:38  Marine x2  
  34  4:48  Marine x2  
  34  4:49  Factory Tech Lab  
  36  4:56  Marine x2  
  38  5:06  Marine x2  
  38  5:13  Marine  
  38  5:14  Marine  
  37  5:24  Marine x2  
  37  5:25  Siege Tank  
  42  5:31  Marine x2  
  44  5:42  Marine x2  
  46  5:49  Marine x2  
  48  5:52  Command Center  
  48  5:54  SCV  
  49  5:57  Siege Tank  
  49  5:59  Marine x2  
  51  6:06  SCV  
  51  6:07  Marine  
  51  6:18  SCV  
  41  6:30  SCV  
  41  6:38  Marine x4  
  45  6:43  SCV  
  45  6:44  Supply Depot  
  46  6:53  Refinery  
  46  6:55  SCV  
  46  6:56  Engineering Bay  
  46  6:59  Supply Depot  
  47  7:01  Marine x3  
  47  7:02  Marine  
  47  7:07  SCV, Supply Depot  
  52  7:19  Marine x3  
  52  7:22  Supply Depot  
  55  7:29  Marine  
  53  7:31  Siege Tank  
  49  7:37  Marine x3  
  49  7:38  Bunker  
  45  7:51  Marine  
  38  7:55  Marine x3  
  34  8:08  Marine  
  35  8:12  Marine  
  35  8:13  Siege Tank  
  39  8:20  Planetary Fortress  
  39  8:31  SCV  
  40  8:40  Missile Turret  
  40  8:43  SCV  
  40  8:44  Terran Infantry Weapons Level 1  
  41  8:55  SCV  
  42  9:02  Missile Turret  
  42  9:07  SCV  
  42  9:08  Barracks Reactor  
  42  9:09  Marine  
  44  9:10  Marine  
  44  9:12  Barracks Tech Lab  
  44  9:13  SCV  
  46  9:19  SCV  
  46  9:23  Missile Turret  
  47  9:25  SCV  
  47  9:27  Marine x2  
  50  9:35  Command Center  
  50  9:37  SCV  
  51  9:42  Missile Turret  
  51  9:45  Marine x2  
  52  9:47  Marauder  
  52  9:49  SCV  
  52  9:52  Stimpack  
  56  10:01  SCV  
  56  10:02  Refinery  
  56  10:03  Marine x2  
  56  10:04  Missile Turret  
  59  10:08  Marauder  
  61  10:14  Missile Turret  
  61  10:20  Marine  
  61  10:21  Marine  
  62  10:24  Missile Turret  
  63  10:30  SCV  
  63  10:31  SCV  
  65  10:40  Barracks Reactor  
  65  10:41  Marauder, Marine x3  
  70  10:43  SCV x2  
  72  10:55  SCV  
  72  10:57  Armory  
  72  10:58  Marine  
  72  10:59  Marine x2  
  72  11:02  Marauder  
  73  11:16  Marine x2  
  73  11:18  SCV x2  
  76  11:23  Marauder  
  79  11:27  Siege Tank  
  79  11:30  SCV x2  
  79  11:32  Combat Shield  
  84  11:35  Terran Infantry Armor Level 1  
  84  11:42  SCV  
  84  11:43  SCV  
  86  11:52  Factory  
  86  11:54  SCV  
  86  11:55  SCV  
  86  11:59  Siege Tank  
  86  12:01  Command Center  
  91  12:06  SCV  
  91  12:07  SCV  
  93  12:17  Starport  
  93  12:29  Barracks Reactor  
  93  12:54  Factory Tech Lab  
  93  13:05  Barracks  
  93  13:33  Planetary Fortress  
  78  13:46  Marauder, Marine x2  
  78  13:47  Marine x4  
  69  13:52  Barracks Reactor  
  64  13:56  Barracks  
  64  14:04  Marine x6  
  64  14:07  Marauder  
Show
View Real Time Build Order
Export as new Build Order

qqq Zerg 

Build Orders: Hatch First 

Get SALT Encoding   

  12  0:02  Drone  
  13  0:08  Drone  
  14  0:38  Hatchery  
  13  0:50  Spawning Pool  
  12  0:58  Overlord  
  12  1:03  Drone  
  13  1:08  Drone  
  14  1:14  Extractor, Drone  
  14  1:39  Zergling x2  
  15  1:42  Zergling x2  
  15  1:43  Queen  
  18  1:49  Drone  
  19  1:58  Drone, Overlord  
  20  2:02  Drone  
  21  2:11  Queen  
  23  2:16  Drone  
  24  2:27  Drone  
  24  2:28  Zergling x2  
  26  2:30  Zergling x2  
  27  2:37  Zergling x2  
  27  2:39  Drone  
  27  2:43  Metabolic Boost  
  29  2:49  Baneling Nest  
  28  2:52  Zergling x2  
  28  2:54  Drone  
  30  2:59  Zergling x2  
  30  3:05  Zergling x4  
  33  3:08  Drone  
  34  3:14  Overlord  
  34  3:17  Zergling x2  
  35  3:20  Zergling x2  
  36  3:31  Overlord x2  
  36  3:35  Baneling x2  
  36  3:36  Baneling  
  36  3:41  Zergling x2  
  36  3:42  Zergling x2  
  36  3:44  Drone  
  39  3:51  Drone  
  39  3:52  Zergling x2  
  39  3:55  Zergling x2  
  42  3:57  Baneling x2  
  42  4:00  Zergling x2  
  43  4:07  Zergling x6  
  43  4:09  Drone  
  41  4:16  Zergling x2  
  39  4:17  Zergling x4  
  36  4:32  Zergling x4  
  38  4:40  Zergling x2  
  38  4:43  Drone  
  38  4:45  Zergling x2  
  41  4:51  Zergling x2  
  42  4:55  Hatchery  
  42  4:56  Drone  
  42  4:58  Zergling x2  
  42  4:59  Drone  
  39  5:11  Zergling x6  
  39  5:12  Zergling x6  
  42  5:21  Zergling x2  
  42  5:23  Zergling x2  
  43  5:31  Zergling x2  
  43  5:33  Zergling x2  
  45  5:35  Queen  
  45  5:38  Zergling x2  
  48  5:44  Drone, Roach Warren  
  48  5:47  Baneling x2  
  48  5:49  Zergling x2  
  49  5:50  Zergling x2  
  50  5:58  Zergling x6  
  37  6:20  Zergling x6  
  37  6:21  Zergling x6  
  37  6:22  Zergling x4  
  45  6:27  Queen  
  45  6:32  Roach  
  51  6:33  Roach x2  
  53  6:41  Lair  
  53  6:43  Zergling x2  
  54  6:48  Drone  
  54  6:50  Drone x2  
  54  6:52  Roach  
  59  6:57  Roach  
  59  6:59  Drone  
  59  7:15  Roach  
  59  7:19  Roach x3  
  59  7:20  Zergling x2  
  56  7:36  Roach x4  
  66  7:37  Roach x3  
  63  7:50  Roach  
  64  7:51  Roach x2  
  64  7:54  Overlord x2  
  64  8:00  Queen  
  66  8:10  Zergling x4  
  66  8:11  Drone x2  
  66  8:12  Drone x2  
  68  8:15  Overlord  
  68  8:22  Queen  
  70  8:36  Infestation Pit  
  70  8:39  Drone x2  
  70  8:40  Evolution Chamber, Roach x4  
  78  8:47  Extractor  
  77  8:50  Drone x5  
  77  8:52  Drone x3  
  85  9:05  Zergling x4  
  85  9:06  Zergling x6  
  90  9:20  Overlord  
  90  9:21  Overlord x2  
  90  9:35  Extractor, Drone  
  90  9:38  Hive  
  90  9:41  Zerg Melee Weapons Level 1  
  90  9:56  Hatchery  
  89  10:04  Roach x3  
  89  10:05  Roach x2  
  89  10:06  Drone x2  
  89  10:07  Drone x5  
  103  10:08  Drone x4  
  110  10:17  Extractor  
  109  10:25  Evolution Chamber  
  109  10:27  Spore Crawler  
  107  10:34  Roach x3  
  113  10:36  Drone  
  113  10:39  Extractor  
  113  10:40  Drone, Overlord x2  
  111  11:03  Hatchery  
  110  11:15  Ultralisk Cavern  
  106  11:30  Roach x3  
  106  11:31  Roach x8  
  106  11:32  Drone, Roach  
  129  11:33  Drone  
  130  11:43  Spore Crawler  
  130  11:46  Spore Crawler  
  123  11:56  Overseer  
  123  11:57  Pneumatized Carapace  
  115  12:15  Roach  
  115  12:16  Roach x5  
  120  12:25  Drone x7  
  120  12:27  Roach x2  
  120  12:28  Ultralisk  
  132  12:32  Zerg Ground Armor Level 1  
  132  12:33  Overlord x4  
  126  13:17  Roach x2  
  126  13:18  Drone x2, Roach x4  
  126  13:19  Drone  
  111  13:30  Queen  
  113  13:41  Ultralisk  
  105  13:44  Zergling x2  
  105  13:47  Ultralisk  
  74  14:03  Zergling x2  
Tags
 
Add a new tag
Caveats
  • Supply blocks, unpowered buildings, or Contaminate may cause inaccurate times.
  • Supply counts are checked every 10 seconds.